 Dungeon Crawl Stone Soup version 0.31-a0-774-g0d66cbabe8 (webtiles) character file.

Game seed: 10529046752011525242

5 Bravepunisher the Ducker (level 1, -3/11 HPs)
             Began as a Spriggan Monk on Sept 17, 2023.
             Slain by a river rat (7 damage)
             ... summoned by Eustachio
             ... on level 4 of the Dungeon.
             The game lasted 00:01:34 (273 turns).

Bravepunisher the Ducker (Spriggan Monk)             Turns: 273, Time: 00:01:34

Health: -3/11      AC:  2    Str:  7    XL:     1   Next: 66%
Magic:  2/2        EV: 19    Int: 11    God:
Gold:   18         SH:  0    Dex: 17    Spells: 0/0 levels left

rFire   . . .        a - +0 short sword
rCold   . . .        (no shield)
rNeg    . . .        b - +0 robe
rPois   .            (helmet restricted)
rElec   .            (no cloak)
rCorr   .            (gloves unavailable)
SInv    +            (boots unavailable)
Will    .....        (no amulet)
Stlth   ++           (no ring)
HPRegen 0.21/turn    (no ring)
MPRegen 0.08/turn

%: no passive effects
@: very quick
A: very small, no large weapons, unfitting armour, see invisible, speed 3
a: no special abilities


You were on level 4 of the Dungeon.
You visited 1 branch of the dungeon, and saw 4 of its levels.

You collected 18 gold pieces.

Inventory:

Hand Weapons
 a - a +0 short sword (weapon)
Armour
 b - a +0 robe (worn)
 d - an orb of light
Potions
 c - a potion of ambrosia


   Skills:
 * Level 2.6 Fighting
 - Level 3.2 Short Blades
 + Level 4.2 Dodging


You couldn't memorise any spells.
You didn't know any spells.
Your spell library was empty.

Dungeon Overview and Level Annotations

Branches:
Dungeon (4/15)             Temple (0/1) D:4

Altars:

Annotations:
D:4 Eustachio


Innate Abilities, Weirdness & Mutations

You are very small and have problems with some larger weapons.
You are too small for most types of armour.
You have supernaturally acute eyesight. (SInv)
You cover ground extremely quickly. (Speed+++)


Message History

A goblin comes into view. It is wielding a +0 club.
Found a stone staircase leading up.
The goblin shouts!
The bat barely misses you. The bat misses you. The bat closely misses you.
You hit the bat.
You kill the bat!
The bat misses you.
Found a stone staircase leading down.
The bat attacks as it pursues you! The bat barely misses you.
The bat closely misses you.
Found 9 gold pieces.
There is a stone staircase leading down here.
You climb downwards.
Found a staircase to the Ecumenical Temple.
There is a stone staircase leading up here.
A goblin, an orc wizard and 2 orcs come into view.
Found a buckler, a scroll labelled TUGROST HOUPH and 9 gold pieces.
The goblin shouts!
The orc shouts! x2; The orc wizard shouts!
You hear a shout! x2
An endoplasm comes into view.
There is a stone staircase leading up here.
The orc wizard casts a spell.
The orc wizard flickers and vanishes for a moment.
You start waiting.
A goblin is nearby!
Eustachio the Magnificent comes into view.
He is wielding a +0 rapier and wearing a +3 leather armour of fire resistance.
Eustachio shouts!
Eustachio screams, "This atrocity can only be purified with blood!"
You aren't carrying any scrolls.
Okay, then.
Eustachio gestures wildly while chanting.
Found a stone staircase leading down.
A quokka comes into view.
The quokka moves out of view.
Eustachio hits you with a +0 rapier!
Ouch! That really hurt!
The river rat bites you!
Ouch! That really hurt!
You die...

... . ..# .# # #.##.
#.#... # .#.. ...
..# #...###.#
#..@.#############
#.#r@............#
.>....r###########.#
#...#r#.. #.#
##.......# #.#
...#.⌠.#...## #.# .#
$.....#... #.#
.⌠.>.⌠...#. #.#
...?..g# ..######g#


You could see Eustachio, 2 river rats and a quokka.

Vanquished Creatures
  A goblin (D:2)
  A kobold (D:3)
  A quokka (D:1)
  A bat (D:3)
  A frilled lizard (D:1)
5 creatures vanquished.

Notes
Turn   | Place    | Note
-------+----------+-------------------------------------------
     0 | D:1      | Bravepunisher the Spriggan Monk began the quest for the
                  | Orb.
     0 | D:1      | Reached XP level 1. HP: 11/11 MP: 2/2
   239 | D:4      | Found a staircase to the Ecumenical Temple.
   240 | D:4      | Noticed an orc wizard
   267 | D:4      | Noticed Eustachio
   273 | D:4      | Slain by a river rat

Illustrated notes

Levels and vault maps discovered:
D:1:      dpeg_arrival_round_c, layout_loops_ring,
          shapermc_ecumenical_altar_mp_ritualfount
D:2:      layout_basic
D:3:      layout_loops_ring, serial_shops, shop, corner_web_ring, uniq_robin
D:4:      layout_rooms, minmay_temple_entry_sparse_star, uniq_eustachio,
          uniq_blork_the_orc

Action                     || total
---------------------------++-------
  Melee: Short sword       ||    22
         Punch             ||     1
 Armour: Robe              ||     9
  Dodge: Dodged            ||    42

Table legend: (Time is in decaauts)
 A = Elapsed time spent in this place.
 B = Non-inter-level travel time spent in this place.
 C = Inter-level travel time spent in this place.
 D = Time resting spent in this place.
 E = Time spent auto-exploring this place.
 F = Levels seen in this place.
 G = Mean time per level.
                   A        B        C        D        E       F      G
               +--------+--------+--------+--------+--------+-----+--------+
         Total |    184 |    184 |      0 |      3 |     61 |   4 |   46.0 |
       Dungeon |    184 |    184 |      0 |      3 |     61 |   4 |   46.0 |
               +--------+--------+--------+--------+--------+-----+--------+

Top non-repeatable levels by time:
     D:1: 61 daAuts
     D:3: 52 daAuts
     D:2: 49 daAuts
     D:4: 21 daAuts
